 Dungeon Crawl Stone Soup version 0.27.0-1-g7a089689b8 (webtiles) character file.

Game seed: 4820037027243810559

301 growler the Skirmisher (level 6, -10/42 HPs)
             Began as a Djinni Fire Elementalist on Aug 5, 2021.
             Was a Priest of Hepliaklqana.
             Mangled by a hornet zombie (12 damage)
             ... on level 5 of the Dungeon on Aug 9, 2021.
             The game lasted 00:11:14 (5071 turns).

growler the Skirmisher (Djinni Fire Elementalist)   Turns: 5071, Time: 00:11:15

Health: -10/42     AC:  2    Str:  7    XL:     6   Next: 64%
Gold:   133        EV: 12    Int: 18    God:    Hepliaklqana [***...] SH:  0 Dex: 14

rFire    + + .     SeeInvis .   g - +0 short sword (speed)
rCold    x . .     Faith    .   (no shield)
rNeg     . . .     Spirit   .   a - +0 robe
rPois    ∞         Reflect  .   (no helmet)
rElec    .         Harm     .   (no cloak)
rCorr    .         Rampage  .   (no gloves)
Will     .....                  (boots unavailable)
Stlth    ++........             (no amulet)
HPRegen  0.14/turn              (no ring)
MPRegen  0.00/turn              (no ring)

@: flying
A: reduced essence, sickness immunity, fire resistance 2, cold vulnerability 1,
float, innate caster, hp casting, extra vitality 1
a: Renounce Religion, Recall Ancestor, Ancestor Identity, Transference


You were on level 5 of the Dungeon.
You worshipped Hepliaklqana.
Hepliaklqana was most pleased with you.
You visited 1 branch of the dungeon, and saw 5 of its levels.

You collected 133 gold pieces.

Inventory:

Hand Weapons
 g - a +0 short sword of speed (weapon)
   (You took it off a kobold on level 3 of the Dungeon)
Armour
 a - a +0 robe (worn)
Wands
 j - a wand of mindburst (10)
   (You found it on level 4 of the Dungeon)
 t - a wand of flame (13)
   (You took it off a hobgoblin on level 3 of the Dungeon)
Scrolls
 k - a scroll of torment {unknown}
Potions
 b - a potion of attraction {!q}
 c - 3 potions of degeneration {unknown}
 d - a potion of invisibility
 e - a potion of magic
 h - 2 potions of curing {unknown}
 i - 2 potions of heal wounds {unknown}


   Skills:
 + Level 4.2 Fighting
 - Level 2.1 Dodging
 - Level 1.5 Stealth
 + Level 4.1 Spellcasting


You couldn't memorise any spells.
You knew the following spells:

 Your Spells              Type           Power      Damage    Failure   Level
a - Foxfire               Conj/Fire      72%        2x1d7     2%          1
b - Inner Flame           Hex/Fire       18%        N/A       8%          3
c - Shock                 Conj/Air       72%        1d7       2%          1
d - Conjure Flame         Conj/Fire      18%        6-21      8%          3
e - Blink                 Tloc           N/A        N/A       4%          2
q - Sticky Flame          Conj/Fire      18%        2d4       26%         4
x - Fireball              Conj/Fire      9%         3d6       58%         5
Your spell library was empty.

Dungeon Overview and Level Annotations

Branches:
Dungeon (5/15)             Temple (0/1) D:4

Altars:
Hepliaklqana
Vehumet

Shops:
D:2 [

Annotations:
D:4 2 transporters


Innate Abilities, Weirdness & Mutations

Your life essence is reduced to manifest your ancestor. (-10% HP)
You are immune to sickness and miasma.
You are immune to poison.
Your flesh is very heat resistant. (rF++)
You are vulnerable to cold. (rC-)
You float through the air rather than walking.
You learn spells naturally, not from books.
Your magical power is your life essence.
You have superior vitality. (+4 HP)


Message History

As you read the scroll of identify {@r1}, it crumbles to dust.
e - a potion of magic
As you read the scroll of identify {@r1}, it crumbles to dust.
d - a potion of invisibility You aren't carrying any pieces of jewellery.
Unknown command.
Unknown command.
Unknown command.
There is a stone staircase leading down here.
You fly downwards.
There is a stone staircase leading up here.
You conjure some foxfire!
Found a stone staircase leading down.
Found 15 gold pieces.
A hornet zombie comes into view.
You conjure some foxfire!
The foxfire hits the hornet zombie but does no damage.
You conjure some foxfire!
The foxfire hits the hornet zombie.
Bozena hits the hornet zombie with a +0 dagger of draining.
The foxfire hits the hornet zombie.
The foxfire hits the hornet zombie but does no damage.
The hornet zombie hits Bozena!
Bozena hits the hornet zombie with a +0 dagger of draining.
You conjure some foxfire!
Bozena casts a spell at the hornet zombie.
The hornet zombie resists with some effort.
The foxfire hits the hornet zombie but does no damage.
The foxfire hits the hornet zombie.
You conjure some foxfire!
The foxfire hits the hornet zombie but does no damage. x2
The hornet zombie hits you.
You conjure some foxfire!
The hornet zombie barely misses you.
Bozena hits the hornet zombie but does no damage.
The foxfire hits the hornet zombie. x2
Bozena casts a spell at the hornet zombie.
The hornet zombie resists with some effort.
You conjure some foxfire!
The hornet zombie hits you! The hornet zombie misses you.
The foxfire hits the hornet zombie.
You conjure some foxfire!
* * * LOW HITPOINT WARNING * * *
The hornet zombie hits you!
* * * LOW HITPOINT WARNING * * *
Bozena hits the hornet zombie with a +0 dagger of draining.
As you open the door, it creaks loudly!
The foxfire hits the hornet zombie. x2; The hornet zombie hits you!
* * * LOW HITPOINT WARNING * * *
Bozena hits the hornet zombie with a +0 dagger of draining.
The hornet zombie hits you!
You die...

...#+##.....####
......$.........
............... ##
#............. ##..
#............
+....#...^.......
#............########
#.>.......R..'.....#
#........^..Z@.....#
..........^^...#....#
.....^..............#
......^.^^..........#
#......^............#
##.......^..........#
#....^........#....
........^^...^##+###
........^....#


You could see the friendly Bozena the hexer and a hornet zombie (ally target).

Vanquished Creatures
  A water moccasin (D:3)
  A hound skeleton (D:4)
  A mummy (D:4)
  2 adders
  A worm (D:2)
  2 dart slugs (D:1)
  3 endoplasms
  2 giant cockroaches
  9 hobgoblins
  4 jackals
  6 ball pythons
  3 bats
  2 frilled lizards
  9 goblins
  7 kobolds
  3 rats
56 creatures vanquished.

Vanquished Creatures (collateral kills)
  A centaur zombie (D:4)
  A hound (D:2)
  An adder (D:4)
  A worm (D:2)
  2 dart slugs
  An orc (D:3)
  A bat (D:3)
  3 endoplasms
  2 hobgoblins
  2 kobolds
  2 ball pythons (D:2)
  A foxfire (D:2)
18 creatures vanquished.

Vanquished Creatures (others)
  162 foxfires
  A plant (D:2)
163 creatures vanquished.

Grand Total: 237 creatures vanquished

Notes
Turn   | Place    | Note
-------+----------+-------------------------------------------
     0 | D:1      | growler the Djinni Fire Elementalist began the quest for
                  | the Orb.
     0 | D:1      | Reached XP level 1. HP: 15/15 MP: 0/0
   478 | D:1      | Reached XP level 2. HP: 6/22 MP: 0/0
   755 | D:1      | Reached skill level 1 in Fighting
  1542 | D:1      | Found a faded altar of an unknown god.
  1556 | D:1      | Reached XP level 3. HP: 22/27 MP: 0/0
  1556 | D:1      | Learned a level 1 spell: Shock
  1566 | D:1      | Became a worshipper of Hepliaklqana the Forgotten
  1566 | D:1      | Reached * piety under Hepliaklqana
  2357 | D:2      | Reached ** piety under Hepliaklqana
  2361 | D:2      | Remembered your ancestor Bozena as a hexer
  2384 | D:2      | Found Nawn's Antique Armour Shop.
  2554 | D:2      | Reached XP level 4. HP: 26/29 MP: 0/0
  3118 | D:3      | Reached XP level 5. HP: 27/36 MP: 0/0
  3118 | D:3      | Learned a level 2 spell: Blink
  3553 | D:3      | Noticed a water moccasin
  3564 | D:3      | Killed a water moccasin
  3565 | D:3      | Reached XP level 6. HP: 36/42 MP: 0/0
  4132 | D:4      | Found a staircase to the Ecumenical Temple.
  4421 | D:4      | Found a transporter.
  4422 | D:4      | Reached *** piety under Hepliaklqana
  4429 | D:4      | Found a transporter.
  5044 | D:5      | Entered Level 5 of the Dungeon
  5070 | D:5      | HP: 2/42 [hornet zombie (7)]
  5071 | D:5      | Mangled by a hornet zombie

Illustrated notes

Levels and vault maps discovered:
D:1:      heliophobic_arrival_ceremonial_halls, layout_basic,
          hellmonk_ecumenical_altar_heavens_door
D:2:      layout_basic, serial_shops, nicolae_shop_statue_plus,
          serial_bayou_pond_b, minmay_shallow_snake_nest
D:3:      layout_loops_cross, vehumet_altar_wand_db, chequers_jeans, hex_large
D:4:      gammafunk_wand_slinger, layout_basic,
          minmay_temple_entry_gardened_gates, gup_ossuary_entry_pyramid
D:5:      minmay_goblin_kobold_castle, layout_gridville,
          mainiacjoe_overflow_brackets, kennysheep_nondescript, minmay_holes,
          kennysheep_generic_room_10

Skill      XL: |  1  2  3  4  5  6 |
---------------+-------------------+-----
Fighting       | 1 2 3 4 |  4.2
Spellcasting   | 3 4 |  4.1
Dodging        | |  2.1
Stealth        | |  1.5

Action                   |  1- 3 |  4- 6 || total
-------------------------+-------+-------++-------
Melee: Unarmed           |    26 |     9 ||    35
       Short sword       |       |    51 ||    51
 Cast: Foxfire           |    59 |    55 ||   114
Invok: Ancestor Life: He |     1 |       ||     1
       Ancestor Identity |     1 |       ||     1
  Use: Scroll            |       |     3 ||     3
 Stab: Distracted        |       |     2 ||     2
       Sleeping          |       |     5 ||     5
Armor: Robe              |     7 |    10 ||    17
Dodge: Dodged            |    27 |    37 ||    64
